 Dungeon Crawl Stone Soup version 0.29-a0-483-g69413ace17 (webtiles) character file.

Game seed: 16003651764356430176

35 porpoise the Slasher (level 3, 0/29 HPs)
             Began as a Barachi Wanderer on May 26, 2022.
             Slain by a black bear (3 damage)
             ... on level 2 of the Dungeon.
             The game lasted 00:05:27 (1360 turns).

porpoise the Slasher (Barachi Wanderer)             Turns: 1360, Time: 00:05:29

Health: 0/29       AC:  5    Str: 10    XL:     3   Next: 33%
Magic:  0/5        EV: 11    Int: 12    God:
Gold:   87         SH:  0    Dex: 16    Spells: 4/5 levels left

rFire   . . .      SeeInvis .   a - +0 short sword (venom)
rCold   . . .      Faith    .   (no shield)
rNeg    . . .      Spirit   .   e - +0 robe
rPois   .          Reflect  .   (no helmet)
rElec   .          Harm     .   k - +0 cloak
rCorr   .          Rampage  .   p - +0 pair of gloves
Will    .....                   n - +0 pair of boots
Stlth   +.........              (no amulet)
HPRegen 0.09/turn               (no ring)
MPRegen 0.09/turn               (no ring)

@: very slightly contaminated, slow
A: amphibious, slowness 1, strong legs 1, +LOS
a: Hop


You were on level 2 of the Dungeon.
You visited 1 branch of the dungeon, and saw 2 of its levels.

You collected 87 gold pieces.

Inventory:

Hand Weapons
 a - a +0 short sword of venom (weapon)
 i - a +0 long sword
Missiles
 d - 70 stones
 j - 3 silver boomerangs
Armour
 e - a +0 robe (worn)
 k - a +0 cloak (worn)
 n - a +0 pair of boots (worn)
 p - a +0 pair of gloves (worn)
Wands
 b - a wand of flame (1)
Scrolls
 c - a scroll of silence
 f - 3 scrolls of amnesia {unknown}
 m - a scroll of fog {unknown}
 q - a scroll of vulnerability {unknown}
 r - a scroll of identify {unknown}
Potions
 g - 2 potions of curing {unknown}
 h - 2 potions of lignification {unknown}
 l - a potion of attraction {unknown}
 o - a potion of heal wounds {unknown}


   Skills:
 * Level 3.6 Fighting
 - Level 4.8 Long Blades
 - Level 1.2 Armour
 + Level 1.8 Spellcasting
 + Level 1.6 Earth Magic
 - Level 1.1 Evocations


You had 4 spell levels left.
You knew the following spells:

 Your Spells              Type           Power      Damage    Failure   Level
a - Sandblast             Erth           10%        2d5       14%         1

Your spell library contained the following spells:

 Spells                   Type           Power      Damage    Failure   Level
 Stone Arrow              Conj/Erth      6%         3d7       52%         3
 Gell's Gravitas          Tloc           1%         N/A       63%         3
 Teleport Other           Tloc           1%         N/A       63%         3
 Dispersal                Tloc           0%         N/A       100%        6


Dungeon Overview and Level Annotations

Branches:
Dungeon (2/15)

Altars:


Innate Abilities, Weirdness & Mutations

You are amphibious.
You cover ground slowly.
You can hop short distances.
You have an extended range of vision and can be seen from far away.


Message History

Confirm with . or Enter, or press ? or * to list all spells.
Aiming: Sandblast (safe; 14% risk of failure)
Press: ? - help, Shift-Dir - straight line, f/p - black bear
Aim: a black bear (heavily wounded, 84% to hit)
The blast of sand hits the black bear.
The black bear is severely wounded.
The black bear closely misses you. x3
Unknown command.
Casting: Sandblast (safe; 14% risk of failure)
Confirm with . or Enter, or press ? or * to list all spells.
Aiming: Sandblast (safe; 14% risk of failure)
Press: ? - help, Shift-Dir - straight line, f/p - black bear
Aim: a black bear (severely wounded, 84% to hit)
You miscast Sandblast.
You are very lightly contaminated with residual magic.
Nothing appears to happen.
The black bear bites you but does no damage.
The black bear claws you but does no damage.
The black bear claws you.
You hit the black bear.
The black bear is poisoned.
The black bear is severely wounded.
The black bear goes berserk!
You closely miss the black bear.
The black bear is almost dead.
The black bear misses you. The black bear claws you. x2
The black bear barely misses you. The black bear closely misses you.
The black bear claws you but does no damage.
You hit the black bear but do no damage.
The black bear looks as sick as possible!
The black bear is almost dead.
The black bear bites you! The black bear misses you. The black bear claws you.
* * * LOW HITPOINT WARNING * * *
You hit the black bear but do no damage.
The black bear looks as sick as possible!
The black bear is almost dead.
The black bear bites you but does no damage.
The black bear claws you.
* * * LOW HITPOINT WARNING * * *
The black bear claws you.
You die...

#.. #... #...
#...########
#..........# ###
#..........###+#.##
#.................# .
#######........#.###.
#@.......###..
#.h......##.#
#........#..#
#....>.....?#
#.....†...#...#
#.........+ ..#
#....:.)..# .#
#.........#
...........)..#


You could see a black bear (berserk, extremely poisoned).

Vanquished Creatures
  An adder (D:2)
  A dart slug (D:1)
  3 bats (D:1)
  An endoplasm (D:2)
  A hobgoblin (D:1)
  2 jackals (D:1)
  3 quokkas (D:1)
  4 ball pythons (D:1)
  A frilled lizard (D:1)
  3 goblins
  3 rats (D:1)
23 creatures vanquished.

Notes
Turn   | Place    | Note
-------+----------+-------------------------------------------
     0 | D:1      | porpoise the Barachi Wanderer began the quest for the Orb.
     0 | D:1      | porpoise set off with the following items: a +0 long sword,
                  | a wand of flame (4), a scroll of silence, 24 stones, a +0
                  | robe; and the following spell memorised: Sandblast; and the
                  | following spells available to memorise: Stone Arrow
     0 | D:1      | Reached XP level 1. HP: 17/17 MP: 2/2
   208 | D:1      | Reached XP level 2. HP: 23/23 MP: 4/4
  1243 | D:2      | Reached XP level 3. HP: 29/29 MP: 1/5
  1339 | D:2      | Noticed a black bear
  1360 | D:2      | Slain by a black bear

Illustrated notes

Levels and vault maps discovered:
D:1:      dpeg_arrival_ternary, layout_basic
D:2:      layout_basic, serial_shops, shop, nrook_loot_triangle,
          minmay_gold_behind_fungi, minmay_rat_hole

Skill      XL: |  1  2 |
---------------+-------+-----
Fighting       | 3 |  3.6
Long Blades    | |  4.8
Armour         | |  1.2
Spellcasting   | |  1.8
Earth Magic    | |  1.6
Evocations     | |  1.1

Action                   || total
-------------------------++-------
Melee: Long sword        ||    14
       Short sword       ||    29
 Cast: Sandblast         ||     9
Evoke: Wand              ||     3
Armor: Robe              ||    16
Dodge: Dodged            ||    32

Table legend: (Time is in decaauts)
 A = Elapsed time spent in this place.
 B = Non-inter-level travel time spent in this place.
 C = Inter-level travel time spent in this place.
 D = Time resting spent in this place.
 E = Time spent auto-exploring this place.
 F = Levels seen in this place.
 G = Mean time per level.
                   A        B        C        D        E       F      G
               +--------+--------+--------+--------+--------+-----+--------+
         Total |   1532 |   1486 |     46 |    231 |    999 |   2 |  766.0 |
       Dungeon |   1532 |   1486 |     46 |    231 |    999 |   2 |  766.0 |
               +--------+--------+--------+--------+--------+-----+--------+

Top non-repeatable levels by time:
     D:1: 1352 daAuts
     D:2: 180 daAuts
